 Dungeon Crawl Stone Soup version 0.28-a0-1199-gef9e1dbd39 (webtiles) character file.

Game seed: 15086300200126163666

9 spaghetti the Skirmisher (level 2, 14/32 HPs)
             Began as an Ogre Delver on Dec 20, 2021.
             Quit the game on level 5 of the Dungeon.
             The game lasted 00:00:15 (49 turns).

spaghetti the Skirmisher (Ogre Delver)                Turns: 49, Time: 00:00:16

Health: 14/32      AC:  3    Str: 15    XL:     2   Next: 16%
Magic:  2/2        EV:  9    Int: 11    God:
Gold:   0          SH:  0    Dex: 10    Spells: 1/1 levels left

rFire   . . .      SeeInvis .   a - +0 spear {polearm}
rCold   . . .      Faith    .   (no shield)
rNeg    . . .      Spirit   .   b - +0 robe
rPois   .          Reflect  .   (helmet restricted)
rElec   .          Harm     .   (no cloak)
rCorr   .          Rampage  .   (gloves unavailable)
Will    .....                   (boots unavailable)
Stlth   ++........              (no amulet)
HPRegen 0.10/turn               (no ring)
MPRegen 0.08/turn               (no ring)

@: no status effects
A: large, unfitting armour, tough skin 1
a: no special abilities


You were on level 5 of the Dungeon.
You visited 1 branch of the dungeon, and saw 1 of its levels.


Innate Abilities, Weirdness & Mutations

You are too large for most types of armour.
You have tough skin. (AC +1)


   Skills:
 - Level 4.0 Fighting
 + Level 2.8 Polearms
 - Level 1.7 Dodging
 - Level 3.7 Stealth


You had one spell level left.
You didn't know any spells.
Your spell library was empty.

Inventory:

Hand Weapons
 a - a +0 spear (weapon) {polearm}
Armour
 b - a +0 robe (worn)
Wands
 g - a wand of digging (3)
Scrolls
 c - a scroll of fog
 d - a scroll of magic mapping {!r}
 e - a scroll of fear
 h - a scroll of blinking {unknown}
 i - a scroll of enchant armour {unknown}
Potions
 f - a potion of haste {@q3}

Dungeon Overview and Level Annotations

Branches:
Dungeon (5/15)
 Temple: D:4-7

Altars:

######.# ..##....
...... #.##.#.# .....
#.##.#.# #...# #.##.#.#
#...# #.##.#.#### #...#
#.#.......# #...#
#.#..#.##.# #...#
#.#..#.##.# #..@#
#......##.# ##.##
.....####.#####.##.###
###.#####...s.s.......#
#........####....##.#
########.# ####.... #.#
..(.. .(# .#.. ### # #


You could see a scorpion.


Message History

🤖 Initializing magus.rc ...
Options error: Delay interrupt name "hungry" not recognised. (~/.crawlrc:4771) ✅ Successfully initialized magus.rc [v1.9.6] Welcome, spaghetti the Ogre Delver.
Will you prevail where others failed? Will you find the Orb of Zot?
Press ? for a list of commands and other information.
Found a stone staircase leading down and a stone staircase leading up.
h - a scroll labelled DICOVVICSE
i - a scroll labelled USTICE XUXUNAB An adder comes into view.
The adder hisses angrily.
You hit the adder. The adder misses you.
You hit the adder. The adder barely misses you.
You hit the adder. The adder completely misses you.
You miss the adder. The adder bites you. x2 😕 HP[-4]
You take 4 damage, and now have 20/24 hp.
You miss the adder. The adder bites you. 😕 HP[-1]
You take 1 damage, and now have 19/24 hp.
You completely miss the adder. The adder bites you. 😮 HP[-2]
You take 2 damage, and now have 17/24 hp.
You are too injured to fight recklessly!
You are too injured to fight recklessly!
You are too injured to fight recklessly!
You are too injured to fight recklessly!
You are too injured to fight recklessly!
You are too injured to fight recklessly!
You are too injured to fight recklessly!
You are too injured to fight recklessly!
You are too injured to fight recklessly!
You are too injured to fight recklessly!
You are too injured to fight recklessly!
You are too injured to fight recklessly!
You are too injured to fight recklessly!
You are too injured to fight recklessly!
You are too injured to fight recklessly!
You are too injured to fight recklessly!
You are too injured to fight recklessly!
You are too injured to fight recklessly!
You hit the adder. The adder bites you.
You are poisoned.
The adder poisons you! The adder closely misses you. 😮 HP[-2]
You take 2 damage, and now have 15/24 hp.
You hit the adder but do no damage.
You feel sick. The adder barely misses you. 😮 HP[-2]
You take 2 damage, and now have 13/24 hp.
You hit the adder.
You kill the adder!
You feel sick.
You have reached level 2! 😨 HP[+3] MP[+1]
You now have 32 max hp (+8).
You regained 3 hp, and now have 16/32 hp.
Your mp is fully restored (2).
You start resting.
You feel sick. x2
A scorpion comes into view. 😨 HP[-2]
You take 2 damage, and now have 14/32 hp.
You feel sick.
You are no longer poisoned. 😨 HP[-1]
You take 1 damage, and now have 13/32 hp. 😨 HP[+1] Are you sure you want to abandon this character and quit the game? (Confirm with "yes".)

Action                   || total
-------------------------++-------
Melee: Spear             ||     9
Dodge: Dodged            ||     5

Levels and vault maps discovered:
D:5:      layout_loops_cross, uniq_duvessa, uniq_edmund, uniq_ijyb

Notes
Turn   | Place    | Note
-------+----------+-------------------------------------------
     0 | D:5      | spaghetti the Ogre Delver began the quest for the Orb.
     0 | D:5      | Reached XP level 1. HP: 24/24 MP: 1/1
     0 | D:5      | magus.rc [v1.9.6]
    44 | D:5      | Reached XP level 2. HP: 16/32 MP: 2/2
    45 | D:5      | Noticed a scorpion
    49 | D:5      | Quit the game

Vanquished Creatures
  An adder (D:5)
1 creature vanquished.

Table legend:
 A = Non-vault XP
 B = Vault XP
 C = Vault XP percentage of total XP
 D = Non-vault monster count
 E = Vault monster count
 F = Vault count percentage of total count
                 A         B        C        D         E       F
            +---------+---------+-------+---------+---------+-------
      Total |      14 |       0 |   0.0 |       1 |       0 |   0.0
            +---------+---------+-------+---------+---------+-------
        D:5 |      14 |       0 |   0.0 |       1 |       0 |   0.0
            +---------+---------+-------+---------+---------+-------

Illustrated notes

Table legend:
 A = Kills in this place as a percentage of kills in entire the game.
 B = Kills by you in this place as a percentage of kills by you in the entire game.
 C = Kills by friends in this place as a percentage of kills by friends in the entire game.
 D = Other kills in this place as a percentage of other kills in the entire game.
 E = Experience gained in this place as a percentage of experience gained in the entire game.
 F = Experience gained in this place divided by the number of levels of this place that you have seen.
                   A       B       C       D       E      F
               +-------+-------+-------+-------+-------+----------------------
         Total | 100.0 | 100.0 |   N/A |   N/A | 100.0 |  14.0
       Dungeon | 100.0 | 100.0 |   N/A |   N/A | 100.0 |  14.0
               +-------+-------+-------+-------+-------+----------------------

Table legend: (Time is in decaauts)
 A = Elapsed time spent in this place.
 B = Non-inter-level travel time spent in this place.
 C = Inter-level travel time spent in this place.
 D = Time resting spent in this place.
 E = Time spent auto-exploring this place.
 F = Levels seen in this place.
 G = Mean time per level.
                   A        B        C        D        E       F      G
               +--------+--------+--------+--------+--------+-----+--------+
         Total |     49 |     49 |      0 |      2 |     28 |   1 |   49.0 |
       Dungeon |     49 |     49 |      0 |      2 |     28 |   1 |   49.0 |
               +--------+--------+--------+--------+--------+-----+--------+

Top non-repeatable levels by time:
     D:5: 49 daAuts
